 Dungeon Crawl Stone Soup version 0.24.1-5-g77f818bfca (webtiles) character file.

Game seed: 10783747888274557270, levelgen mode: deterministic

2240 nightchill the Covert (level 9, 0/66 HPs)
             Began as a Vampire Enchanter on Apr 24, 2020.
             Was a Follower of Uskayaw.
             Slain by a wight (1 damage)
             ... on level 7 of the Dungeon.
             The game lasted 00:32:48 (7122 turns).

nightchill the Covert (Vampire Enchanter)           Turns: 7122, Time: 00:32:48

Health: 0/66       AC:  4    Str: 10    XL:     9   Next: 14%
Magic:  5/12       EV: 12    Int: 18    God:    Uskayaw [*.....]
Gold:   327        SH:  0    Dex: 14    Spells: 0/12 levels left

rFire    . . .     SeeInvis +   D - +2 dagger (venom)
rCold    . . .     Gourm    .   (no shield)
rNeg     . . .     Faith    .   b - +0 robe
rPois    +         Spirit   .   t - +0 helmet
rElec    .         Reflect  .   (no cloak)
rCorr    .         Harm     .   B - +0 pair of gloves
MR       .....                  (no boots)
Stlth    ++++......             (no amulet)
HPRegen  0.41/turn              o - ring of poison resistance
MPRegen  0.13/turn              (no ring)

@: regenerating quickly, heavily drained
A: no food, fangs 3, see invisible, unbreathing
a: Exsanguinate, Stomp, Renounce Religion


You were on level 7 of the Dungeon.
You worshipped Uskayaw.
Uskayaw was noncommittal.
You were alive.

You visited 2 branches of the dungeon, and saw 8 of its levels.

You collected 327 gold pieces.

Inventory:

Hand Weapons
 a - a +1 dagger
 i - a +1 whip of holy wrath
 l - a +0 falchion
 m - a +0 hunting sling
 w - a +2 dagger of draining
 D - a +2 dagger of venom (weapon)
 E - a +0 hand crossbow
Missiles
 c - 49 sling bullets
 g - 253 stones (quivered)
 p - 8 curare-tipped darts
 A - 16 poisoned darts
 C - 6 javelins
 F - 6 bolts
Armour
 b - a +0 robe (worn)
 t - a +0 helmet (worn)
 B - a +0 pair of gloves (worn)
Jewellery
 o - a ring of poison resistance (left hand)
 q - an uncursed ring of fire
Wands
 d - a wand of flame (22)
 z - a wand of iceblast (9)
Scrolls
 k - a scroll of amnesia
 n - 2 scrolls of enchant armour {unknown}
 r - a scroll of noise {unknown}
 s - 4 scrolls of fear {unknown}
 v - a scroll of remove curse
 x - 2 scrolls of identify
 y - a scroll of enchant weapon {unknown}
Potions
 e - a potion of heal wounds
 f - a potion of invisibility
 h - 3 potions of flight
 j - 2 potions of curing
 u - 3 potions of cancellation


   Skills:
 + Level 4.5(3.3) Fighting
 * Level 8.2(6.9) Short Blades
 - Level 2.1(1.0) Dodging
 + Level 9.3(7.9) Stealth
 - Level 2.0(0.8) Spellcasting
 + Level 8.7(7.4) Hexes
 + Level 2.4(1.3) Invocations


You couldn't memorise any spells.
You knew the following spells:

 Your Spells              Type           Power        Failure   Level  Hunger
a - Corona                Hex            ####...      1%          1    N/A
b - Ensorcelled Hibernat  Hex/Ice        ##....       7%          2    N/A
c - Confuse               Hex            ####....     3%          3    N/A
d - Tukima's Dance        Hex            ####....     3%          3    N/A
e - Dazzling Spray        Conj/Hex       ##....       13%         3    N/A

Your spell library contained the following spells:

 Spells                   Type           Power        Failure   Level  Hunger


Dungeon Overview and Level Annotations

Branches:
Dungeon (7/15)             Temple (1/1) D:5

Altars:
Ashenzari
Cheibriados
Fedhas
Gozag
Hepliaklqana
Kikubaaqudgha
Nemelex Xobeh
Okawaru
Qazlal
Ru
Trog
Uskayaw
Vehumet
Xom
Yredelemnul


Innate Abilities, Weirdness & Mutations

You do not eat.
Your natural rate of healing is unusually fast.
You have razor-sharp teeth.
You have supernaturally acute eyesight. (SInv)
You can survive without breathing.


Message History

Unknown command.
Casting: Dazzling Spray (safe; 12% risk of failure)
Confirm with . or Enter, or press ? or * to list all spells.
Aiming: Confuse (safe; 2% risk of failure)
Press: ? - help, Shift-Dir - straight line, f - wight, p - +5 halberd of freezing
Aim: a wight, wielding a +2 great sword of freezing and wearing a cursed +0 robe (chance to defeat MR: 57%)
Okay, then.
Your +5 halberd of freezing falls from the air.
Casting: Confuse (safe; 2% risk of failure)
Confirm with . or Enter, or press ? or * to list all spells.
Aiming: Tukima's Dance (safe; 2% risk of failure)
Press: ? - help, Shift-Dir - straight line, f - wight
Aim: a wight, wielding a +2 great sword of freezing and wearing a cursed +0 robe (chance to defeat MR: 68%)
The +2 great sword of freezing dances into the air!
You can no longer pass through a line of other dancers.
Found a leather armour.
The wight hits you.
* * * LOW HITPOINT WARNING * * *
You feel drained.
You die...

#.(# ... ##.## ####
#####..###..#####..#
..[.................#
....................#
............#.......#
............#.......#
#...................#
#........@.##.......#
#.....|..z..#.......#
..####..##.##.######
#..##.##.# ....
#..##.##.# .....
#......#.### .>.....
#(##.......###
#.......#
#.#####......###
.........# #[#
#.#..#...#


You could see a wight and a friendly +2 great sword of freezing.

Vanquished Creatures
  The ghost of lepoulpe303 the Sneak, a novice SpAs of Dithmenos (D:5)
  Grinder (D:4)
  Menkaure (D:4)
  A soldier ant (D:5)
  An orc warrior (D:6)
  2 ogres
  A centaur (D:6)
  A big kobold (D:6)
  2 bullfrogs (D:6)
  A scorpion (D:4)
  A killer bee (D:7)
  A howler monkey (D:3)
  A wight (D:7)
  A crimson imp (D:6)
  3 jellies
  A bullfrog zombie (D:6)
  3 orc wizards
  4 orc priests
  2 bullfrog skeletons
  2 centaur skeletons
  Terence (D:3)
  3 worker ants
  A worker ant zombie (D:7)
  Robin (D:3)
  A howler monkey skeleton (D:5)
  13 adders
  4 oozes
  An adder skeleton (D:5)
  2 worms
  2 dart slugs
  A leopard gecko (D:1)
  13 orcs
  A ball python (D:1)
  9 bats
  4 giant cockroaches
  17 goblins
  6 hobgoblins
  6 jackals
  A quokka (D:3)
  4 frilled lizards
  A jackal zombie (D:5)
  13 kobolds
  A leopard gecko zombie (D:6)
  2 quokka skeletons
  6 rats
145 creatures vanquished.

Vanquished Creatures (collateral kills)
  A wight (D:7)
1 creature vanquished.

Grand Total: 146 creatures vanquished

Notes
Turn   | Place    | Note
-------+----------+-------------------------------------------
     0 | D:1      | nightchill the Vampire Enchanter began the quest for the
                  | Orb.
     0 | D:1      | Reached XP level 1. HP: 13/13 MP: 3/3
   214 | D:1      | Reached XP level 2. HP: 3/20 MP: 1/5
   279 | D:1      | Learned a level 2 spell: Ensorcelled Hibernation
  1096 | D:2      | Found a shattered altar of Ashenzari.
  1127 | D:2      | Reached XP level 3. HP: 22/25 MP: 6/6
  1140 | D:2      | Learned a level 3 spell: Confuse
  1300 | D:2      | Reached skill level 1 in Fighting
  1387 | D:2      | Reached skill level 5 in Stealth
  1878 | D:3      | Reached skill level 5 in Hexes
  2232 | D:3      | Reached XP level 4. HP: 30/32 MP: 5/7
  2261 | D:3      | Noticed Robin
  2599 | D:3      | Found an opulent altar of Gozag.
  2812 | D:3      | Reached XP level 5. HP: 38/38 MP: 3/8
  2958 | D:3      | Killed Robin
  3045 | D:3      | Noticed Terence
  3063 | D:3      | Killed Terence
  3063 | D:3      | Reached skill level 6 in Stealth
  3552 | D:4      | Reached XP level 6. HP: 39/39 MP: 9/9
  3943 | D:4      | Noticed Menkaure
  3978 | D:4      | Killed Menkaure
  4064 | D:4      | Reached skill level 5 in Short Blades
  4064 | D:4      | Reached XP level 7. HP: 45/45 MP: 7/10
  4137 | D:4      | Reached skill level 7 in Stealth
  4234 | D:4      | Noticed Grinder
  4255 | D:4      | Killed Grinder
  4425 | D:5      | Entered Level 5 of the Dungeon
  4503 | D:5      | Found a runed translucent door.
  4508 | D:5      | Noticed lepoulpe303's ghost (novice SpAs)
  4693 | D:5      | Reached XP level 8. HP: 49/52 MP: 7/11
  5090 | D:5      | Reached skill level 8 in Stealth
  5092 | D:5      | Found a staircase to the Ecumenical Temple.
  5098 | Temple   | Entered the Ecumenical Temple
  5214 | Temple   | Became a worshipper of Uskayaw the Reveler
  5620 | D:5      | Reached * piety under Uskayaw
  5693 | D:5      | Killed lepoulpe303's ghost
  5868 | D:6      | Reached ** piety under Uskayaw
  5873 | D:6      | Reached skill level 1 in Invocations
  5974 | D:6      | Reached *** piety under Uskayaw
  6178 | D:6      | Found a bloodstained altar of Trog.
  6180 | D:6      | Found a radiant altar of Vehumet.
  6442 | D:6      | Reached skill level 9 in Stealth
  6457 | D:6      | Found a blossoming altar of Fedhas.
  6675 | D:6      | Reached XP level 9. HP: 11/66 MP: 6/12
  7008 | D:7      | Learned a level 3 spell: Tukima's Dance
  7014 | D:7      | Learned a level 3 spell: Dazzling Spray
  7113 | D:7      | HP: 1/66 [wight/+2 great sword of freezing (6)]
  7122 | D:7      | HP: 1/66 [wight (3)]
  7122 | D:7      | Slain by a wight

Levels and vault maps discovered:
D:1:      matt_arrival_refuge, layout_basic, st_stairs_6, nrook_loot_triangle,
          solitary_fountain
D:2:      layout_loops_cross, marbit_many_paths, first_ration
D:3:      layout_loops_corners, grunt_gozag_statues, portal_sewer_entry_d,
          minmay_curled_crystal, uniq_robin, uniq_terence
D:4:      layout_rooms, uniq_grinder, uniq_menkaure
D:5:      layout_loops_ring, minmay_temple_entry_fiery,
          ebering_ghost_reflecting_pool, chequers_big_river
D:6:      layout_loops_ring, nicolae_overflow_hidden_temple, hex_tiny,
          fedhas_altar_4
D:7:      kennysheep_windowed_halls, layout_rooms,
          minmay_overflow_temple_star_hex
Temple:   compressed_dpeg_circular_temple

Skill      XL: |  1  2  3  4  5  6  7  8  9 |
---------------+----------------------------+-----
Short Blades   | 2 3 4 5 6 7 8 |  8.2
Fighting       | 1 2 3 4 |  4.5
Stealth        | 5 6 7 9 |  9.3
Hexes          | 5 6 7 8 |  8.7
Invocations    | 2 |  2.4
Dodging        | |  2.1
Spellcasting   | |  2.0

Action                   |  1- 3 |  4- 6 |  7- 9 || total
-------------------------+-------+-------+-------++-------
Melee: Dagger            |   185 |   169 |   317 ||   671
       Bite              |     8 |    11 |    19 ||    38
Throw: Stone             |     1 |       |     1 ||     2
 Cast: Corona            |    31 |     4 |       ||    35
       Ensorcelled Hiber |    11 |    14 |     8 ||    33
       Confuse           |     1 |     3 |     7 ||    11
       Tukima's Dance    |       |       |     2 ||     2
       Dazzling Spray    |       |       |     2 ||     2
 Abil: Exsanguinate      |       |     1 |     1 ||     2
       Revivify          |       |     1 |     1 ||     2
  Use: Scroll            |     4 |     6 |     2 ||    12
       Potion            |       |     3 |     5 ||     8
 Stab: Sleeping          |    10 |    14 |    19 ||    43
       Confused          |       |       |     2 ||     2
       Paralysed         |       |       |     3 ||     3
Armor: Robe              |    34 |    23 |    30 ||    87
       Skin              |       |    13 |    30 ||    43
Dodge: Dodged            |   102 |    81 |    97 ||   280
